 Dungeon Crawl Stone Soup version 0.28-a0-706-gf6f64a616a (webtiles) character file.

Game seed: 15628418541604857157

1162 cheechan the Chopper (level 8, -3/74 HPs)
             Began as a Naga Chaos Knight on Oct 23, 2021.
             Was a Plaything of Xom.
             Killed from afar by an acid dragon (25 damage)
             ... with a splash of acid
             ... on level 7 of the Dungeon on Oct 24, 2021.
             The game lasted 00:28:54 (7064 turns).

cheechan the Chopper (Naga Chaos Knight)            Turns: 7064, Time: 00:28:54

Health: -3/74      AC: 11    Str: 21    XL:     8   Next: 39%
Magic:  0/8        EV:  8    Int: 21    God:    Xom [....*.]
Gold:   268        SH:  0    Dex: 10    Spells: 1/7 levels left

rFire   . . .      SeeInvis +   w - +3 hand axe (freeze)
rCold   . . .      Faith    .   (no shield)
rNeg    + . .      Spirit   +   b - +2 leather armour
rPois   +          Reflect  .   (no helmet)
rElec   .          Harm     .   E - +2 cloak {rPois}
rCorr   .          Rampage  .   F - +0 pair of gloves
Will    ++...                   q - +3 barding {Fly}
Stlth   ++........              t - amulet of guardian spirit
HPRegen 1.22/turn               i - ring of positive energy
MPRegen 0.11/turn               z - +6 ring of intelligence

@: about to teleport, corroded, flying, very slow
A: AC +2, large, see invisible, deformed body, poison resistance, slowness 2,
spit poison 2, naga tail 1, clever 1, strong-willed 1, regeneration 1, shaggy
fur 1, strong 2, wild magic 1
a: Breathe Poison Gas, Renounce Religion


You were on level 7 of the Dungeon.
You worshipped Xom.
You were a beloved toy of Xom.
You visited 1 branch of the dungeon, and saw 7 of its levels.

You collected 268 gold pieces.

Inventory:

Hand Weapons
 a - a +0 hand axe of chaos
 l - a +1 mace of protection
 m - a +0 mace of holy wrath
 n - a +0 war axe
 o - a +0 hunting sling
 w - a +3 hand axe of freezing (weapon)
 y - a +3 flail
 C - a +2 quarterstaff of chaos
Missiles
 c - 73 bolts
 e - 160 stones
 j - 78 arrows
 p - 3 javelins
 r - 34 poisoned darts
 s - 17 sling bullets
 v - 12 boomerangs
Armour
 b - a +2 leather armour (worn)
 q - a +3 barding of flying (worn)
 E - a +2 cloak of poison resistance (worn)
 F - a +0 pair of gloves (worn)
Jewellery
 i - a ring of positive energy (left hand)
 t - an amulet of guardian spirit (around neck)
 z - a +6 ring of intelligence (right hand)
Wands
 x - a wand of flame (21)
 B - a wand of acid (6)
Scrolls
 d - 2 scrolls of silence
 f - 2 scrolls of amnesia
 h - a scroll of teleportation
Potions
 g - a potion of flight
 k - 5 potions of brilliance
 u - a potion of attraction
 A - a potion of haste {unknown}
 D - a potion of curing {unknown}
 G - a potion of resistance {unknown}


   Skills:
 + Level 5.1 Fighting
 + Level 6.8 Axes
 + Level 3.5 Armour
 + Level 3.4 Dodging
 + Level 3.3 Stealth


You had one spell level left.
You knew the following spells:

 Your Spells              Type           Power      Damage    Failure   Level
a - Frozen Ramparts       Ice            0%         1d2       61%         3
b - Call Canine Familiar  Summ           0%         N/A       61%         3

Your spell library contained the following spells:

 Spells                   Type           Power      Damage    Failure   Level
 Portal Projectile        Hex/Tloc       0%         N/A       61%         3
 Airstrike                Air            0%         N/A       94%         4
 Ice Form                 Ice/Tmut       0%         N/A       94%         4
 Leda's Liquefaction      Hex/Erth       0%         N/A       94%         4
 Summon Ice Beast         Ice/Summ       0%         N/A       94%         4
 Summon Lightning Spire   Summ/Air       0%         N/A       94%         4
 Alistair's Intoxication  Tmut/Pois      0%         N/A       100%        5
 Borgnjor's Vile Clutch   Necr/Erth      0%         N/A       100%        5
 Lightning Bolt           Conj/Air       0%         1d11      100%        5
 Eringya's Noxious Bog    Tmut/Pois      0%         N/A       100%        6


Dungeon Overview and Level Annotations

Branches:
Dungeon (7/15)
 Temple: D:4-7

Altars:
Cheibriados
Trog
Uskayaw
Vehumet
Yredelemnul


Innate Abilities, Weirdness & Mutations

Your serpentine skin is tough. (AC +2)
You have supernaturally acute eyesight. (SInv)
Armour fits poorly on your strangely shaped body.
Your system is resistant to poisons. (rPois)
You cover ground very slowly.
You can exhale a cloud of poison.
You have a snake-like lower body.
Your mind is acute. (Int +2)
You are strong-willed. (Will+)
Your natural rate of healing is unusually fast.
You are covered in fur. (AC +1)
Your muscles are very strong. (Str +4)
Your spells are a little harder to cast, but a little more powerful.


Message History

The acid dragon roars!
Found 32 arrows and a ruby potion.
Found an escape hatch in the ceiling.
Found a stone staircase leading down.
There is a stone staircase leading up here.
The acid dragon spits acid at you. The splash of acid hits you!
j - 78 arrows (gained 21)
There is a stone staircase leading up here.
You closely miss the acid dragon. The acid dragon bites you.
The acid dragon claws you but does no damage.
You closely miss the acid dragon. The acid dragon spits acid at you.
The splash of acid hits you!!
You emit a cloud of colourful smoke!
The acid corrodes you!
You hear a loud, deep croak!
You hit the acid dragon but do no damage.
The acid dragon bites you but does no damage.
The acid dragon claws you but does no damage.
You hit the acid dragon. You freeze the acid dragon.
The acid dragon is lightly wounded.
The acid dragon bites you.
The acid dragon claws you but does no damage.
You hit the acid dragon but do no damage.
The acid dragon is lightly wounded.
A centaur skeleton comes into view.
The acid dragon spits acid at you. The splash of acid hits you!!
The acid corrodes you!
Okay, then.
As you read the scroll of teleportation, it crumbles to dust.
You feel strangely unstable.
An ice beast comes into view.
The acid dragon bites you!
* * * LOW HITPOINT WARNING * * *
The acid dragon barely misses you.
An ice beast comes into view.
A scorpion comes into view.
The acid dragon spits acid at you. The splash of acid hits you!!
You die...
Xom is highly amused!

...##..#
.......#.
#........
#.....Y..
##.......#
###.........
#...Z..>.s..
##.@.....#
##§.§....##
#.○D§......#
#.##Y........
#.. ..........
... ...........
... ...........#
...............#
.......<.....


You could see an acid dragon (catching breath), 2 ice beasts, a scorpion and a
centaur skeleton.

Vanquished Creatures
  Duvessa (D:4)
  A black bear (D:5)
  An ice beast (D:5)
  An ogre (D:6)
  A phantom (D:4)
  Dowan (D:4)
  A water moccasin skeleton (D:4)
  A centaur skeleton (D:6)
  A hound (D:4)
  3 orc priests (D:4)
  A gnoll shaman (D:5)
  Crazy Yiuf (D:6)
  Jessica (D:2)
  A bullfrog skeleton (D:6)
  An iguana (D:5)
  3 orc wizards
  A hound zombie (D:5)
  A howler monkey zombie (D:5)
  4 gnolls (D:5)
  5 adders
  A shadow imp (D:6)
  A white imp (D:3)
  An ufetubus (D:6)
  3 worms
  5 dart slugs
  19 orcs
  6 ball pythons
  9 endoplasms
  4 giant cockroaches
  5 hobgoblins
  5 quokkas
  6 bats
  12 goblins
  6 kobolds
  4 rats (D:3)
118 creatures vanquished.

Notes
Turn   | Place    | Note
-------+----------+-------------------------------------------
     0 | D:1      | cheechan the Naga Chaos Knight began the quest for the Orb.
     0 | D:1      | Reached XP level 1. HP: 21/21 MP: 1/1
   217 | D:1      | Reached XP level 2. HP: 26/28 MP: 2/2
   492 | D:1      | Upgraded the game from 0.28-a0-697-g47f3eba078 to
                  | 0.28-a0-706-gf6f64a616a
   924 | D:1      | Reached XP level 3. HP: 34/34 MP: 3/3
  1395 | D:2      | Noticed Jessica
  1411 | D:2      | Killed Jessica
  1412 | D:2      | Reached skill level 4 in Axes
  1412 | D:2      | Reached skill level 1 in Dodging
  1412 | D:2      | Reached XP level 4. HP: 9/42 MP: 4/4
  2159 | D:3      | Found a hide-covered altar of Uskayaw.
  2159 | D:3      | Found a snail-covered altar of Cheibriados.
  2218 | D:3      | Found a radiant altar of Vehumet.
  2340 | D:3      | XOM: god gift: 38 gold pieces
  2575 | D:3      | Found a bloodstained altar of Trog.
  2647 | D:3      | Found a faded altar of an unknown god.
  2647 | D:3      | XOM: 2-stop teleportation journey
  2648 | D:3      | XOM: divination: detect items
  2734 | D:3      | XOM: divination: magic mapping
  2994 | D:3      | Reached XP level 5. HP: 32/50 MP: 5/5
  3001 | D:3      | Reached skill level 1 in Stealth
  3063 | D:3      | XOM: god gift: +2 barding of flying
  3894 | D:4      | Reached XP level 6. HP: 55/57 MP: 4/6
  4106 | D:4      | Reached skill level 5 in Axes
  4331 | D:4      | Reached XP level 7. HP: 19/64 MP: 3/7
  4339 | D:4      | XOM: give mutations
  4339 | D:4      | Gained mutation: Your mind is acute. (Int +2) [Xom's grace]
  4339 | D:4      | Gained mutation: Your spells are a little harder to cast,
                  | but a little more powerful. [Xom's grace]
  4339 | D:4      | Gained mutation: Your natural rate of healing is unusually
                  | fast. [Xom's grace]
  4339 | D:4      | Gained mutation: You can exhale a cloud of poison. [Xom's
                  | grace]
  4386 | D:4      | XOM: give mutations
  4386 | D:4      | Gained mutation: You are strong-willed. (Will+) [Xom's
                  | grace]
  4386 | D:4      | Gained mutation: Your muscles are strong. (Str +2) [Xom's
                  | grace]
  4616 | D:4      | XOM: 3-stop teleportation journey
  4654 | D:4      | Noticed Duvessa
  4654 | D:4      | Noticed Dowan
  4665 | D:4      | Killed Duvessa
  4675 | D:4      | Killed Dowan
  4758 | D:4      | XOM: divination: magic mapping
  4826 | D:4      | XOM: give mutations
  4826 | D:4      | Gained mutation: Your muscles are very strong. (Str +4)
                  | [Xom's grace]
  4826 | D:4      | Gained mutation: You are covered in fur. (AC +1) [Xom's
                  | grace]
  4841 | D:5      | Entered Level 5 of the Dungeon
  4932 | D:5      | Reached skill level 6 in Axes
  5292 | D:5      | Reached XP level 8. HP: 65/73 MP: 6/8
  5306 | D:5      | Learned a level 3 spell: Frozen Ramparts
  5395 | D:5      | XOM: fog
  5422 | D:5      | Found a basalt altar of Yredelemnul.
  6055 | D:5      | XOM: god gift: long sword {god gift}
  6337 | D:6      | Reached skill level 5 in Fighting
  6564 | D:6      | Found a runed translucent door.
  6565 | D:6      | Noticed Crazy Yiuf
  6582 | D:6      | Killed Crazy Yiuf
  6746 | D:6      | Learned a level 3 spell: Call Canine Familiar
  7058 | D:7      | XOM: smoke on damage
  7064 | D:7      | Killed from afar by an acid dragon

Illustrated notes

Levels and vault maps discovered:
D:1:      minmay_arrival_hallway, layout_loops_ring
D:2:      layout_basic, minmay_pentomino_pile, uniq_jessica
D:3:      kb_forest_paths, layout_basic, mainiacjoe_overflow_surrounded_room,
          chequers_temple_overflow_statue_of_worship, vehumet_crystals,
          chequers_ecumenical_altar_island, kennysheep_pointless_box
D:4:      layout_loops_corners, uniq_duvessa
D:5:      layout_loops_corners, mainiacjoe_overflow_24_doors
D:6:      layout_basic, abandoned_shop, grunt_decor_resistance,
          uniq_crazy_yiuf_cottage
D:7:      layout_cave_pools, nicolae_overflow_hidden_temple,
          minmay_temple_entry_drinking_statues

Skill      XL: |  1  2  3  4  5  6  7  8 |
---------------+-------------------------+-----
Axes           | 4 5 6 |  6.8
Armour         | 2 3 |  3.5
Dodging        | 1 2 3 |  3.4
Stealth        | 1 2 3 |  3.3
Fighting       | 4 5 |  5.1

Action                   |  1- 3 |  4- 6 |  7- 9 || total
-------------------------+-------+-------+-------++-------
Melee: Hand axe          |    76 |   199 |   133 ||   408
 Abil: Spit Poison       |     2 |     4 |       ||     6
       Breathe Poison Ga |       |       |     3 ||     3
  Use: Scroll            |     5 |     5 |     5 ||    15
       Potion            |     1 |     1 |       ||     2
 Stab: Paralysed         |       |     1 |       ||     1
Armor: Leather armour    |    33 |   136 |    91 ||   260
Dodge: Dodged            |    43 |    97 |    61 ||   201

Table legend: (Time is in decaauts)
 A = Elapsed time spent in this place.
 B = Non-inter-level travel time spent in this place.
 C = Inter-level travel time spent in this place.
 D = Time resting spent in this place.
 E = Time spent auto-exploring this place.
 F = Levels seen in this place.
 G = Mean time per level.
                   A        B        C        D        E       F      G
               +--------+--------+--------+--------+--------+-----+--------+
         Total |   9238 |   9238 |      0 |   1100 |      0 |   7 | 1319.7 |
       Dungeon |   9238 |   9238 |      0 |   1100 |      0 |   7 | 1319.7 |
               +--------+--------+--------+--------+--------+-----+--------+

Top non-repeatable levels by time:
     D:4: 1913 daAuts
     D:5: 1749 daAuts
     D:3: 1505 daAuts
     D:1: 1473 daAuts
     D:2: 1330 daAuts
     D:6: 1251 daAuts
     D:7: 14 daAuts
